 Dungeon Crawl Stone Soup version 0.29.1-12-g30fa7ad0bf (webtiles) character file.

Game seed: 1086667523753349994

814 Henri the Sneak (level 7, -6/33 HPs)
             Began as a Vine Stalker Enchanter on Dec 23, 2022.
             Was an Initiate of Wu Jian.
             Mangled by a wraith (7 damage)
             ... on level 6 of the Dungeon.
             The game lasted 00:16:59 (4994 turns).

Henri the Sneak (Vine Stalker Enchanter)            Turns: 4994, Time: 00:17:01

Health: -6/33      AC:  4    Str: 10    XL:     7   Next: 93%
Magic:  0/22       EV: 12    Int: 17    God:    Wu Jian [......]
Gold:   369        SH:  0    Dex: 15    Spells: 2/13 levels left

rFire   . . .      SeeInvis .   a - +1 dagger
rCold   . . .      Faith    .   (no shield)
rNeg    . . .      Spirit   +   b - +0 robe
rPois   .          Reflect  .   n - +0 helmet
rElec   .          Harm     .   (no cloak)
rCorr   .          Rampage  .   (no gloves)
Will    .....                   g - +0 pair of boots
Stlth   ++++......              F - amulet of magic regeneration
HPRegen 0.91/turn               p - ring of magical power
MPRegen 0.58/turn               y - ring of flight

@: confusing by touch, about to teleport, flying, slowed, very slow
A: fangs 2, regeneration 1, magic shield, antimagic bite, no potion heal 2
a: Renounce Religion


You were on level 6 of the Dungeon.
You worshipped Wu Jian.
Wu Jian was noncommittal.
You visited 2 branches of the dungeon, and saw 7 of its levels.

You collected 424 gold pieces.
You spent 55 gold pieces at shops.

Inventory:

Hand Weapons
 a - a +1 dagger (weapon)
Missiles
 o - 9 poisoned darts (quivered)
 r - 2 atropa-tipped darts
Armour
 b - a +0 robe (worn)
 g - a +0 pair of boots (worn)
 n - a +0 helmet (worn)
Jewellery
 p - a ring of magical power (left hand)
 y - a ring of flight (right hand)
 D - a ring of willpower
 F - an amulet of magic regeneration (around neck)
Wands
 E - a wand of light (4)
Scrolls
 d - 4 scrolls of magic mapping {unknown}
 e - 2 scrolls of teleportation
 i - 2 scrolls of noise {unknown}
 j - 5 scrolls of enchant weapon {unknown}
 k - a scroll of silence {unknown}
 l - a scroll of immolation {unknown}
 q - 3 scrolls of butterflies {unknown}
 t - a scroll of torment {unknown}
 x - a scroll of vulnerability {unknown}
 A - a scroll of amnesia {unknown}
 B - a scroll of poison {unknown}
 G - a scroll of blinking {unknown}
 H - a scroll of identify
Potions
 c - 2 potions of invisibility
 f - a potion of cancellation
 h - a potion of might {unknown}
 m - a potion of degeneration {unknown}
 s - a potion of attraction {unknown}
 u - 2 potions of brilliance
 v - 2 potions of heal wounds {unknown}
 w - 3 potions of curing {unknown}
 z - a potion of ambrosia {unknown}
 C - 2 potions of lignification {unknown}


   Skills:
 - Level 1.0 Fighting
 * Level 4.5 Short Blades
 - Level 1.5 Dodging
 * Level 7.4 Stealth
 + Level 3.8 Spellcasting
 + Level 4.5 Hexes


You had 2 spell levels left.
You knew the following spells:

 Your Spells              Type           Power      Damage    Failure   Level
a - Confusing Touch       Hex            18%        N/A       8%          3
b - Ensorcelled Hibernat  Hex/Ice        20%        N/A       10%         2
c - Tukima's Dance        Hex            18%        N/A       8%          3
d - Dazzling Flash        Conj/Hex       20%        N/A       19%         3

Your spell library contained the following spells:

 Spells                   Type           Power      Damage    Failure   Level
 Apportation              Tloc           6%         N/A       16%         1
 Beastly Appendage        Tmut           6%         N/A       16%         1
 Sting                    Tmut/Pois      12%        1d3       16%         1
 Poisonous Vapours        Pois/Air       6%         N/A       24%         2
 Wereblood                Tmut           3%         N/A       24%         2
 Ozocubu's Armour         Ice            3%         N/A       43%         3
 Spider Form              Tmut/Pois      3%         N/A       43%         3
 Olgreb's Toxic Radiance  Pois           3%         N/A       85%         4
 Passage of Golubria      Tloc           3%         N/A       85%         4
 Yara's Violent Unravell  Hex/Tmut       5%         3d4       87%         5
 Alistair's Intoxication  Tmut/Pois      2%         N/A       99%         5
 Ozocubu's Refrigeration  Ice            1%         4d7       100%        7


Dungeon Overview and Level Annotations

Branches:
Dungeon (6/15)             Temple (1/1) D:6

Altars:
Ashenzari
Cheibriados
Dithmenos
Fedhas
Gozag
Hepliaklqana
Kikubaaqudgha
Nemelex Xobeh
Ru
Sif Muna
Trog
Uskayaw
Wu Jian
Xom
Yredelemnul
Zin
The Shining One

Shops:
D:1 ?   D:4 *

Annotations:
D:4 1 runed translucent door, Menkaure; grerr's ghost, novice FoFi
D:5 3 runed translucent doors, Mercurial's ghost, novice MiFi


Innate Abilities, Weirdness & Mutations

You have extremely sharp teeth.
Your natural rate of healing is unusually fast.
When hurt, damage is shared between your health and your magic reserves.
Your bite disrupts and absorbs the magic of your enemies.
Potions cannot restore your health.


Message History

Casting: Confusing Touch (quite dangerous; 8% risk of failure)
Confirm with . or Enter, or press ? or * to list all spells.
The spell is quite dangerous to miscast (8% risk of failure)!
Continue anyway?
Your hands begin to glow red.
You start resting.
Magic restored.
There is a staircase back to the Dungeon here.
You fly upwards.
Welcome back to the Dungeon!
The wraith misses you. The wraith barely misses you.
There is a staircase to the Ecumenical Temple here.
You hit the wraith but do no damage. You bite the wraith, but do no damage.
You barely miss the wraith.
Your hands stop glowing.
The wraith hits you! The wraith drains your vigour!
You feel yourself slow down.
You hit the wraith but do no damage. The wraith barely misses you.
You hit the wraith but do no damage. Something hits you.
Deactivating autopickup; reactivate with Ctrl-A.
The wraith hits you but does no damage. Something hits you.
Casting: Confusing Touch (quite dangerous; 8% risk of failure)
Confirm with . or Enter, or press ? or * to list all spells.
The spell is quite dangerous to miscast (8% risk of failure)!
Continue anyway?
Your hands begin to glow red.
Something hits you but does no damage. The wraith misses you.
Something hits you! The wraith hits you! The wraith drains your vigour!
You feel as though you will be slow longer.
Unknown command.
As you read the scroll of teleportation, it crumbles to dust.
You feel strangely unstable. Something hits you!
* * * LOW HITPOINT WARNING * * *
The wraith closely misses you.
Unknown command.
The wraith attacks as you move away! The wraith hits you!
* * * LOW HITPOINT WARNING * * *
The wraith drains your vigour!
You feel as though you will be slow longer.
Something hits you.
* * * LOW HITPOINT WARNING * * *
The wraith hits you!
You die...

####.### #.# #...W.# #########.#
#W##### ##.........## #..#
##...........##
##.#####.............#
#...................##
#####..{)............##
##...W{.............#
#...@{............... #
##..................## ###
#...................##
..##########....................#
................................#
.........####...................#
.∩.......# #..................##
.........# #..................#
.........# #..#[..............#


You could see a wraith.

Vanquished Creatures
  A sky beast (D:6)
  An ice beast (D:5)
  A phantom (D:5)
  4 scorpions (D:5)
  2 hounds (D:5)
  2 iguanas
  8 adders
  3 gnolls
  A shadow imp (D:6)
  A white imp (D:5)
  4 ufetubi (D:5)
  2 worms
  4 orcs (D:3)
  2 bats
  7 endoplasms
  7 giant cockroaches
  7 goblins
  2 hobgoblins (D:3)
  4 kobolds
  3 quokkas
  7 ball pythons
  4 frilled lizards
  3 rats
80 creatures vanquished.

Notes
Turn   | Place    | Note
-------+----------+-------------------------------------------
     0 | D:1      | Henri the Vine Stalker Enchanter began the quest for the
                  | Orb.
     0 | D:1      | Reached XP level 1. HP: 9/9 MP: 4/4
    45 | D:1      | Reached skill level 1 in Short Blades
   125 | D:1      | Found Juyted's Magic Scroll Emporium.
   353 | D:1      | Reached XP level 2. HP: 13/13 MP: 4/6
   357 | D:1      | Learned a level 2 spell: Ensorcelled Hibernation
   451 | D:1      | Reached skill level 4 in Stealth
   757 | D:1      | Bought a scroll of identify for 22 gold pieces
   757 | D:1      | Bought a scroll of teleportation for 33 gold pieces
  1148 | D:2      | Reached XP level 3. HP: 16/16 MP: 7/7
  1152 | D:2      | Learned a level 3 spell: Confusing Touch
  1973 | D:3      | Gained mutation: Your natural rate of healing is unusually
                  | fast. [Vine Stalker growth]
  1973 | D:3      | Reached XP level 4. HP: 21/21 MP: 8/8
  2569 | D:4      | Noticed Menkaure
  2569 | D:4      | Found a runed translucent door.
  2705 | D:4      | Reached skill level 5 in Stealth
  2705 | D:4      | Reached XP level 5. HP: 24/24 MP: 9/10
  2843 | D:4      | Learned a level 3 spell: Tukima's Dance
  2916 | D:4      | Found Eshruuqy's Assorted Antiques.
  3003 | D:4      | Noticed grerr's ghost (novice FoFi)
  3298 | D:5      | Entered Level 5 of the Dungeon
  3298 | D:5      | Noticed an ice beast
  3312 | D:5      | Noticed a phantom
  3343 | D:5      | Reached XP level 6. HP: 28/28 MP: 11/11
  3380 | D:5      | Reached skill level 6 in Stealth
  3459 | D:5      | Reached XP level 7. HP: 32/32 MP: 13/13
  3645 | D:5      | Found an opulent altar of Gozag.
  3666 | D:5      | Found a runed translucent gate.
  3666 | D:5      | Found a runed translucent gate.
  3666 | D:5      | Found a runed translucent gate.
  3666 | D:5      | Found an opulent altar of Gozag.
  3670 | D:5      | Noticed Mercurial's ghost (novice MiFi)
  3922 | D:5      | Learned a level 3 spell: Dazzling Flash
  3979 | D:5      | Reached skill level 7 in Stealth
  4326 | D:6      | Reached skill level 1 in Fighting
  4450 | D:6      | Found a staircase to the Ecumenical Temple.
  4475 | Temple   | Entered the Ecumenical Temple
  4819 | Temple   | Became a worshipper of the Wu Jian Council
  4968 | D:6      | Noticed a wraith
  4994 | D:6      | HP: 1/33 [wraith (7)]
  4994 | D:6      | Mangled by a wraith

Illustrated notes

Levels and vault maps discovered:
D:1:      roderic_crossed_star, layout_rooms, serial_shops,
          nicolae_shop_window_shopping, nicolae_concentric_dashed_squares_wild,
          minmay_tetromino_l4
D:2:      layout_loops_corners
D:3:      layout_basic
D:4:      layout_rooms, gammafunk_ghost_grave, serial_shops, shop_fountains,
          uniq_menkaure
D:5:      layout_basic, mainiacjoe_overflow_six_doors_small, ebering_ghost_gozag
D:6:      minmay_cornered_nines, layout_cave_pods,
          minmay_temple_entry_offerings, serial_demonic, serial_demonic_b,
          serial_demonic_d, serial_demonic_f, serial_demonic_f,
          minmay_unpleasant_kobolds, uniq_eustachio
Temple:   compressed_dpeg_triangle_lava_temple

Skill      XL: |  1  2  3  4  5  6  7 |
---------------+----------------------+-----
Short Blades   | 1 2 3 4 |  4.5
Stealth        | 4 5 6 7 |  7.4
Spellcasting   | 3 |  3.8
Hexes          | 4 |  4.5
Fighting       | 1 |  1.0
Dodging        | |  1.5

Action                   |  1- 3 |  4- 6 |  7- 9 || total
-------------------------+-------+-------+-------++-------
Melee: Dagger            |   115 |    67 |   103 ||   285
       Bite              |    27 |    10 |    29 ||    66
       Punch             |       |       |     2 ||     2
 Cast: Ensorcelled Hiber |     4 |    16 |    12 ||    32
       Confusing Touch   |     1 |     1 |    12 ||    14
       Tukima's Dance    |       |       |     6 ||     6
  Use: Scroll            |     1 |     1 |     1 ||     3
 Stab: Sleeping          |    10 |    19 |     5 ||    34
       Confused          |     1 |       |     3 ||     4
Armor: Robe              |    22 |    13 |    33 ||    68
Dodge: Dodged            |    66 |    30 |    58 ||   154
